 Dungeon Crawl Stone Soup version 0.23.2-1-ga50397a (webtiles) character file.

Game seed: 13552225272865060413

1392 doot the Thaumaturge (level 8, -2/43 HPs)
             Began as a Deep Elf Necromancer on May 8, 2019.
             Was a Follower of Kikubaaqudgha.
             Slain by a shadow imp (6 damage)
             ... on level 7 of the Dungeon on May 9, 2019.
             The game lasted 00:18:55 (7913 turns).

doot the Thaumaturge (Deep Elf Necromancer)         Turns: 7913, Time: 00:18:56

Health: -2/43      AC:  4    Str:  5    XL:     8   Next: 41%
Magic:  23/23      EV: 17    Int: 23    God:    Kikubaaqudgha [*.....]
Gold:   195        SH:  0    Dex: 15    Spells: 13/25 levels left

rFire    . . .     SeeInvis .   d - +0 dagger
rCold    . . .     Gourm    .   (no shield)
rNeg     . . .     Faith    .   a - +0 robe
rPois    .         Spirit   .   (no helmet)
rElec    .         Reflect  .   r - +0 cloak
rCorr    .         Harm     .   (no gloves)
MR       +....                  o - +0 pair of boots (curse)
Stlth    ++........             (no amulet)
HPRegen  0.14/turn              b - ring of protection from magic
MPRegen  0.18/turn              i - +3 ring of evasion (curse)

@: no status effects
A: no striking features
a: Receive Corpses, Renounce Religion


You were on level 7 of the Dungeon.
You worshipped Kikubaaqudgha.
Kikubaaqudgha was aware of your devotion.
You were not hungry.

You visited 2 branches of the dungeon, and saw 8 of its levels.

You collected 270 gold pieces.
You spent 75 gold pieces at shops.

Inventory:

Hand Weapons
 d - a +0 dagger (weapon)
Armour
 a - a +0 robe (worn)
 o - a cursed +0 pair of boots (worn)
 r - a +0 cloak (worn)
 x - a +2 robe of the Archmagi
Jewellery
 b - a ring of protection from magic (left hand)
 i - a cursed +3 ring of evasion (right hand)
Wands
 w - a wand of flame (7)
Scrolls
 e - 2 scrolls of enchant armour {unknown}
 f - 5 scrolls of identify {unknown}
 h - 2 scrolls of remove curse {unknown}
 l - a scroll of blinking {unknown}
 m - a scroll of enchant weapon {unknown}
 n - 3 scrolls of fear {unknown}
 q - 2 scrolls of teleportation {unknown}
Potions
 g - 3 potions of mutation {unknown}
 j - a potion of flight {unknown}
 k - a potion of cancellation {unknown}
 p - 2 potions of resistance {unknown}
 s - 2 potions of might
 t - a potion of ambrosia {unknown}
 u - a potion of degeneration {unknown}
 v - 2 potions of heal wounds
Comestibles
 c - 9 rations


   Skills:
 + Level 1.2 Fighting
 + Level 2.1 Short Blades
 + Level 4.0 Dodging
 + Level 3.2 Stealth
 + Level 9.2 Spellcasting
 + Level 1.3 Charms
 + Level 9.1 Necromancy


You had 13 spell levels left.
You knew the following spells:

 Your Spells              Type           Power        Failure   Level  Hunger
a - Pain                  Necr           ####         1%          1    None
b - Animate Skeleton      Necr           N/A          1%          1    None
c - Vampiric Draining     Necr           ######....   1%          3    None
d - Regeneration          Chrm/Necr      ####......   2%          3    None
e - Animate Dead          Necr           N/A          1%          4    ##.....

Your spell library contained the following spells:

 Spells                   Type           Power        Failure   Level  Hunger
 Sublimation of Blood     Necr           ######....   1%          2    None


Dungeon Overview and Level Annotations

Branches:
Dungeon (7/15)             Temple (1/1) D:5

Altars:
Ashenzari
Cheibriados
Hepliaklqana
Kikubaaqudgha
Okawaru
Trog
Uskayaw
Vehumet
Wu Jian
Xom
Zin
The Shining One
Lugonu

Shops:
D:6 !

Annotations:
D:2 Sigmund


Message History

You don't have the energy to cast that spell.
You don't have the energy to cast that spell.
You eat one of the 10 rations.
That ration really hit the spot!
The shadow imp hits you.
* * * LOW HITPOINT WARNING * * *
You completely miss the shadow imp.
The shadow imp is almost dead.
You hit the shadow imp.
The shadow imp is almost dead.
The shadow imp hits you.
* * * LOW HITPOINT WARNING * * *
You hit the shadow imp but do no damage.
The shadow imp is almost dead.
The shadow imp hits you.
* * * LOW HITPOINT WARNING * * *
You hit the shadow imp.
The shadow imp is almost dead.
The shadow imp hits you.
You die...
Kikubaaqudgha rasps: "You have failed me!
Welcome... death!"

## #.##
###..##
#.....##
#$....#
#.5@<#
#...##
#.....
#......
##.#....
####....
.....
......


You could see a shadow imp.

Vanquished Creatures
  A water moccasin (D:6)
  2 ice beasts (D:6)
  An ogre (D:5)
  A centaur (D:5)
  2 bullfrogs (D:6)
  A water moccasin skeleton (D:6)
  A howler monkey (D:6)
  2 jellies (D:6)
  A crimson imp (D:6)
  2 bullfrog zombies (D:6)
  A hound (Temple)
  An orc wizard (D:5)
  An orc priest (D:5)
  A centaur skeleton (D:6)
  Jessica (D:3)
  A bullfrog skeleton (D:6)
  Terence (D:3)
  Natasha (D:3)
  5 worker ants
  A worker ant zombie (D:5)
  9 adders
  2 oozes (D:2)
  An adder zombie (D:6)
  A worm (D:2)
  2 dart slugs
  2 leopard geckos
  2 orcs
  A ball python (D:5)
  5 bats
  6 giant cockroaches
  10 goblins
  6 hobgoblins
  10 jackals (D:1)
  2 quokkas
  2 frilled lizards
  A jackal zombie (D:6)
  3 kobolds
  A leopard gecko zombie (D:6)
  A quokka skeleton (D:5)
  2 rats
97 creatures vanquished.

Vanquished Creatures (collateral kills)
  A crimson imp (D:5)
  A centaur skeleton (D:6)
  Natasha (D:3)
  A dart slug (D:1)
  2 orcs (D:5)
  A goblin (D:3)
7 creatures vanquished.

Grand Total: 104 creatures vanquished

Notes
Turn   | Place    | Note
-------+----------+-------------------------------------------
     0 | D:1      | doot the Deep Elf Necromancer began the quest for the Orb.
     0 | D:1      | Reached XP level 1. HP: 10/10 MP: 6/6
    39 | D:1      | Reached skill level 5 in Necromancy
   278 | D:1      | Learned a level 1 spell: Animate Skeleton
   280 | D:1      | Reached XP level 2. HP: 15/15 MP: 6/8
  1165 | D:1      | Reached XP level 3. HP: 17/19 MP: 5/9
  1709 | D:2      | Learned a level 3 spell: Vampiric Draining
  1713 | D:2      | Learned a level 3 spell: Regeneration
  1885 | D:2      | Found a hazy altar of Hepliaklqana.
  2373 | D:2      | Noticed Sigmund
  2400 | D:2      | Reached XP level 4. HP: 22/24 MP: 8/12
  3171 | D:3      | Noticed Jessica
  3180 | D:3      | Killed Jessica
  3242 | D:3      | Noticed Natasha
  3406 | D:3      | Learned a level 4 spell: Animate Dead
  3412 | D:3      | Found a glowing silver altar of Zin.
  3511 | D:3      | Killed Natasha
  3511 | D:3      | Reached XP level 5. HP: 17/28 MP: 11/14
  3646 | D:3      | Noticed Natasha
  3728 | D:3      | Killed Natasha
  3728 | D:3      | Reached skill level 5 in Spellcasting
  4010 | D:3      | Noticed Terence
  4017 | D:3      | Killed Terence
  4325 | D:4      | Found an iron altar of Okawaru.
  4530 | D:4      | Reached XP level 6. HP: 19/32 MP: 6/16
  4667 | D:4      | Found a shattered altar of Ashenzari.
  5032 | D:5      | Entered Level 5 of the Dungeon
  6043 | D:5      | Reached XP level 7. HP: 29/36 MP: 19/19
  6163 | D:5      | Found a staircase to the Ecumenical Temple.
  6194 | Temple   | Entered the Ecumenical Temple
  6220 | Temple   | Became a worshipper of Kikubaaqudgha
  6316 | D:5      | Found a bloodstained altar of Trog.
  6328 | D:5      | Reached skill level 1 in Short Blades
  7155 | D:6      | Found Nasun's Distillery.
  7180 | D:6      | Bought a potion of heal wounds for 75 gold pieces
  7198 | D:6      | Reached XP level 8. HP: 19/42 MP: 7/22
  7566 | D:6      | Found a hide-covered altar of Uskayaw.
  7652 | D:6      | Reached skill level 1 in Fighting
  7662 | D:6      | Reached * piety under Kikubaaqudgha
  7662 | D:6      | Identified Kikubaaqudgha's Volume of Evil Rites
                  | (Kikubaaqudgha gifted it to you on level 6 of the Dungeon)
  7662 | D:6      | Received a gift from Kikubaaqudgha
  7707 | D:6      | Reached skill level 1 in Charms
  7913 | D:7      | Slain by a shadow imp

Skill      XL: |  1  2  3  4  5  6  7  8 |
---------------+-------------------------+-----
Necromancy     | 5 6 7 8 9 |  9.1
Spellcasting   | 4 5 7 8 9 |  9.2
Dodging        | 3 4 |  4.0
Short Blades   | 1 2 |  2.1
Stealth        | 3 |  3.2
Fighting       | 1 |  1.2
Charms         | 1 |  1.3

Action                   |  1- 3 |  4- 6 |  7- 9 || total
-------------------------+-------+-------+-------++-------
Melee: Dagger            |     1 |    68 |   233 ||   302
 Cast: Pain              |    65 |    72 |    48 ||   185
       Animate Skeleton  |     9 |    12 |     9 ||    30
       Vampiric Draining |       |     7 |    15 ||    22
       Regeneration      |       |       |    17 ||    17
       Animate Dead      |       |       |     1 ||     1
  Use: Potion            |       |     1 |       ||     1
 Stab: Sleeping          |       |       |     2 ||     2
  Eat: Chunk             |     4 |    10 |     3 ||    17
       Ration            |       |       |     2 ||     2
Armor: Robe              |     2 |    15 |    56 ||    73
Dodge: Dodged            |    15 |    56 |   239 ||   310
